 Dungeon Crawl Stone Soup version 0.27-a0-1066-g29160eaed2 (webtiles) character file.

Game seed: 9048390523708393452

2116 Delamore the Blocker (level 9, -1/64 HPs)
             Began as a Formicid Fighter on Apr 24, 2021.
             Killed from afar by an electric eel (16 damage)
             ... with a bolt of electricity
             ... on level 6 of the Dungeon.
             The game lasted 00:07:03 (5184 turns).

Delamore the Blocker (Formicid Fighter)             Turns: 5184, Time: 00:07:04

Health: -1/64      AC: 12    Str: 24    XL:     9   Next: 54%
Magic:  9/9        EV:  9    Int:  8    God:
Gold:   209        SH: 12    Dex: 14    Spells: 8/8 levels left

rFire    . . .     SeeInvis +   o - +9 lajatang of Sharp Innocence {freeze, Will+ rCorr Dex+4}
rCold    + . .     Faith    .   c - +0 kite shield
rNeg     + . .     Spirit   .   b - +0 scale mail
rPois    .         Reflect  .   (helmet unavailable)
rElec    .         Harm     .   u - +0 cloak
rCorr    +         Rampage  .   s - +0 pair of gloves
Will     +....                  p - +2 pair of boots
Stlth    ..........             (no amulet)
HPRegen  0.20/turn              E - ring of positive energy
MPRegen  0.11/turn              i - ring of protection from cold

@: no status effects
A: permanent stasis, dig shafts and tunnels, antennae 3, four strong arms
a: Dig, Shaft Self


You were on level 6 of the Dungeon.
You visited 1 branch of the dungeon, and saw 6 of its levels.
You also visited: Ossuary.

You collected 209 gold pieces.

Inventory:

Hand Weapons
 a - a +0 war axe
 o - the +9 lajatang of Sharp Innocence (weapon) {freeze, Will+ rCorr Dex+4}
   (You acquired it on level 5 of the Dungeon)

   It has been specially enchanted to freeze those struck by it, causing extra
   injury to most foes and up to half again as much damage against particularly
   susceptible opponents.
   It can also slow down cold-blooded creatures.
   It affects your dexterity (+4).
   It protects you from acid and corrosion.
   It increases your willpower.
Missiles
 x - 2 throwing nets
Armour
 b - a +0 scale mail (worn)
 c - a +0 kite shield (worn)
 p - a +2 pair of boots (worn)
 s - a +0 pair of gloves (worn)
 u - a +0 cloak (worn)
Jewellery
 h - a ring of wizardry
 i - a ring of protection from cold (right hand)
 E - a ring of positive energy (left hand)
 J - a +4 ring of evasion
Scrolls
 e - 2 scrolls of amnesia
 f - 5 scrolls of noise
 g - a scroll of summoning {unknown}
 j - a scroll of magic mapping {unknown}
 k - a scroll of vulnerability
 l - a scroll of fog {unknown}
 n - a scroll of enchant armour {unknown}
 t - 2 scrolls of teleportation
 v - a scroll of enchant weapon {unknown}
 y - 2 scrolls of immolation {unknown}
 z - a scroll of torment
 A - a scroll of fear
 D - a scroll of identify
 G - a scroll of holy word {unknown}
Potions
 d - a potion of might
 m - 6 potions of degeneration {unknown}
 q - 8 potions of curing {unknown}
 r - a potion of lignification {unknown}
 w - a potion of ambrosia {unknown}
 B - 2 potions of berserk rage {unknown}
 C - a potion of attraction {unknown}
 F - a potion of flight {unknown}
 H - a potion of heal wounds {unknown}
 I - a potion of haste {unknown}


   Skills:
 - Level 3.2 Fighting
 - Level 5.8(6.0) Axes
 - Level 1.7(6.4) Polearms
 * Level 7.8(7.9) Staves
 - Level 3.2 Armour
 - Level 9.0 Shields


You had 8 spell levels left.
You didn't know any spells.
Your spell library contained the following spells:

 Spells                   Type           Power      Damage    Failure   Level
 Call Imp                 Summ           0%         N/A       85%         2
 Confusing Touch          Hex            0%         N/A       97%         3
 Gell's Gravitas          Tloc           0%         N/A       97%         3
 Petrify                  Tmut/Erth      0%         N/A       100%        4
 Metabolic Englaciation   Hex/Ice        0%         N/A       100%        5
 Summon Mana Viper        Hex/Summ       0%         N/A       100%        5
 Yara's Violent Unravell  Hex/Tmut       0%         3d3       100%        5
 Dispersal                Tloc           0%         N/A       100%        6
 Spellforged Servitor     Conj/Summ      0%         N/A       100%        7


Dungeon Overview and Level Annotations

Branches:
Dungeon (6/15)            Ossuary (visited)
 Temple: D:4-7

Altars:
Kikubaaqudgha

Shops:
D:1 (


Innate Abilities, Weirdness & Mutations

You cannot be hasted, slowed, berserked, paralysed or teleported.
You can dig through walls and to a lower floor.
You have a pair of large antennae on your head. (SInv)
Your four strong arms can wield two-handed weapons with a shield.


Message History

The bolt of electricity hits the orc.
The orc dies!
The bolt of electricity hits you!
The orc wizard hits you but does no damage.
You climb upwards.
There is a stone staircase leading down here.
You completely miss the orc wizard. You block the orc wizard's attack.
You hit the orc wizard. You freeze the orc wizard.
The orc wizard is moderately wounded.
You block the orc wizard's attack.
You closely miss the orc wizard.
The orc wizard is moderately wounded.
You block the orc wizard's attack.
You slice the orc wizard!! You freeze the orc wizard.
You kill the orc wizard!
No target in view!
No target in view!
You start resting.
HP restored.
Items here: (( ) †.
There is a stone staircase leading down here.
You climb downwards.
A dart slug comes into view.
The electric eel shoots out a bolt of lightning at you!
The bolt of electricity hits you!
The electric eel shoots out a bolt of lightning at you!
The bolt of electricity hits you!
The electric eel shoots out a bolt of lightning at you!
The bolt of electricity hits you.
The electric eel shoots out a bolt of lightning at you!
The bolt of electricity hits you. The bolt of electricity hits you!
The electric eel shoots out a bolt of lightning at you!
The bolt of electricity hits you!
* * * LOW HITPOINT WARNING * * *
There is a stone staircase leading up here.
The electric eel shoots out a bolt of lightning at you!
The bolt of electricity misses you.
The electric eel shoots out a bolt of lightning at you!
The bolt of electricity hits you!
You die...

..#.w≈≈ ≈≈≈...
..≈#≈≈≈#≈≈≈≈≈{
.≈≈≈≈#≈≈≈≈≈≈ #
.≈≈≈≈≈≈≈≈≈≈##≈.
≈≈≈≈≈≈≈≈≈≈≈≈≈≈≈
≈≈≈≈≈≈≈≈≈#≈.# ≈
≈≈.:.≈..$≈≈#?≈≈
≈≈....(@..?..≈≈
≈≈≈.≈≈.<.≈≈..≈≈
≈≈≈##;≈;≈≈≈≈≈≈≈ ≈
≈≈≈≈≈≈≈≈≈≈≈≈;
w{≈≈≈≈≈≈≈≈≈#≈≈.. ##
#o≈≈≈≈#≈≈≈≈≈≈≈.?w#.#
..#≈≈≈≈w≈≈≈≈≈...Z... .
...w≈≈≈≈≈#≈.#......)##..
....≈≈w≈≈.$....w.o.<...


You could see 3 electric eels, an orc priest and 3 dart slugs.

Vanquished Creatures
  Pikel (D:5)
  2 water moccasins (D:5)
  A black bear (D:5)
  2 ogres (D:5)
  10 scorpions
  A bullfrog zombie (D:5)
  4 centaur zombies (Ossuary)
  A hound (D:5)
  An orc priest (D:2)
  Terence (D:3)
  A scorpion zombie (Ossuary)
  3 iguanas
  An orc wizard (D:5)
  3 mummies (Ossuary)
  11 adders
  A howler monkey skeleton (D:3)
  A dart slug (D:1)
  7 orcs
  4 bats
  9 endoplasms
  3 giant cockroaches
  A gnoll zombie (Ossuary)
  5 hobgoblins
  3 jackals (D:2)
  5 kobolds
  3 quokkas
  3 ball pythons
  3 frilled lizards
  10 goblins
  2 goblin zombies (Ossuary)
  A hobgoblin zombie (Ossuary)
  2 kobold zombies (Ossuary)
  5 orc zombies (Ossuary)
  7 rats
118 creatures vanquished.

Vanquished Creatures (others)
  An orc (D:6)
1 creature vanquished.

Grand Total: 119 creatures vanquished

Notes
Turn   | Place    | Note
-------+----------+-------------------------------------------
     0 | D:1      | Delamore the Formicid Fighter began the quest for the Orb.
     0 | D:1      | Reached XP level 1. HP: 18/18 MP: 1/1
   253 | D:1      | Reached XP level 2. HP: 24/24 MP: 2/2
   257 | D:1      | Identified the Handbook of a Thousand Leylines
   407 | D:1      | Found Faih's Weapon Shoppe.
   544 | D:1      | Reached skill level 4 in Shields
   811 | D:1      | Reached XP level 3. HP: 29/29 MP: 3/3
  1219 | D:2      | Reached XP level 4. HP: 26/35 MP: 4/4
  1816 | D:2      | Reached XP level 5. HP: 18/41 MP: 5/5
  2489 | D:3      | Found a faded altar of an unknown god.
  2495 | D:3      | Noticed Terence
  2509 | D:3      | Killed Terence
  2510 | D:3      | Reached skill level 5 in Shields
  2602 | D:3      | Reached XP level 6. HP: 37/47 MP: 6/6
  3194 | D:4      | Reached skill level 5 in Axes
  3242 | D:4      | Found an ancient bone altar of Kikubaaqudgha.
  3531 | D:4      | Identified the +2 robe of Tyemoud {rN+ Dex+2}
  3767 | D:5      | Entered Level 5 of the Dungeon
  3772 | D:5      | Identified a scroll of acquirement
  3818 | D:5      | Acquired the +9 lajatang of Sharp Innocence {freeze, Will+
                  | rCorr Dex+4}
  3823 | D:5      | Reached XP level 7. HP: 40/52 MP: 7/7
  3937 | D:5      | Reached skill level 1 in Polearms
  3937 | D:5      | Reached skill level 6 in Shields
  3986 | D:5      | Noticed a water moccasin
  3991 | D:5      | Killed a water moccasin
  3992 | D:5      | Reached skill level 1 in Staves
  4022 | D:5      | Noticed Pikel
  4023 | D:5      | Noticed a water moccasin
  4032 | D:5      | Killed Pikel
  4033 | D:5      | Reached skill level 7 in Shields
  4033 | D:5      | Reached XP level 8. HP: 49/58 MP: 8/8
  4037 | D:5      | Reached skill level 5 in Staves
  4107 | D:5      | Found a sand-covered staircase.
  4114 | Ossuary  | Entered an ossuary
  4248 | Ossuary  | Reached skill level 8 in Shields
  4257 | Ossuary  | Reached XP level 9. HP: 40/64 MP: 9/9
  4786 | D:5      | Reached skill level 9 in Shields
  5184 | D:6      | Killed from afar by an electric eel

Illustrated notes

Levels and vault maps discovered:
D:1:      dpeg_arrival_court, layout_basic, serial_shops, shop
D:2:      layout_basic
D:3:      layout_loops_ring, hellmonk_ecumenical_altar_heavens_door,
          minmay_stone_trees_medium, minmay_ruptured, uniq_terence
D:4:      layout_cave_pools, lemuel_crystal_altar
D:5:      layout_loops_ring, chequers_ossuary_entry_cave,
          grunt_decor_mini_mirrors, minmay_misc_feat_plants, uniq_pikel
D:6:      kennysheep_slugbush, layout_cave_pools, nicolae_uskayaw_en_pointe

Skill      XL: |  1  2  3  4  5  6  7  8  9 |
---------------+----------------------------+-----
Shields        | 4 5 7 8 9 |  9.0
Axes           | 3 4 5 |  5.8
Polearms       | 1 |  1.7
Staves         | 4 5 7 |  7.8
Fighting       | |  3.2
Armour         | |  3.2

Action                   |  1- 3 |  4- 6 |  7- 9 || total
-------------------------+-------+-------+-------++-------
Melee: War axe           |   124 |   174 |       ||   298
       Lajatang          |       |     1 |   103 ||   104
  Use: Scroll            |       |     6 |     2 ||     8
Armor: Scale mail        |    70 |    74 |    46 ||   190
Dodge: Dodged            |    43 |    89 |    36 ||   168
Block: Kite shield       |    77 |   100 |    68 ||   245

Table legend: (Time is in decaauts)
 A = Elapsed time spent in this place.
 B = Non-inter-level travel time spent in this place.
 C = Inter-level travel time spent in this place.
 D = Time resting spent in this place.
 E = Time spent auto-exploring this place.
 F = Levels seen in this place.
 G = Mean time per level.
                   A        B        C        D        E       F      G
               +--------+--------+--------+--------+--------+-----+--------+
         Total |   5342 |   5237 |    105 |    644 |   3424 |   7 |  763.1 |
       Dungeon |   4847 |   4742 |    105 |    644 |   3106 |   6 |  807.8 |
       Ossuary |    495 |    495 |      0 |      0 |    318 |   1 |  495.0 |
               +--------+--------+--------+--------+--------+-----+--------+

Top non-repeatable levels by time:
     D:2: 1266 daAuts
     D:3: 972 daAuts
     D:5: 933 daAuts
     D:1: 915 daAuts
     D:4: 750 daAuts
 Ossuary: 495 daAuts
     D:6: 8 daAuts
